 Dungeon Crawl Stone Soup version 0.27.1-2-g3b301248ec (webtiles) character file.

Game seed: 14684138641389212889

95 SquidGame the Chopper (level 4, -9/29 HPs)
             Began as a Tengu Berserker on Sept 30, 2021.
             Was a Believer of Trog.
             Mangled by a gnoll (10 damage)
             ... on level 3 of the Dungeon.
             The game lasted 00:09:47 (3003 turns).

SquidGame the Chopper (Tengu Berserker)             Turns: 3003, Time: 00:09:47

Health: -9/29      AC: 11    Str: 18    XL:     4   Next: 65%
Magic:  5/5        EV:  6    Int:  8    God:    Trog [**....]
Gold:   30         SH:  0    Dex: 13    Spells: 3/3 levels left

rFire    . . .     SeeInvis .   a - +0 hand axe
rCold    . . .     Faith    .   (no shield)
rNeg     . . .     Spirit   .   m - +0 plate armour
rPois    .         Reflect  .   (helmet restricted)
rElec    .         Harm     .   (no cloak)
rCorr    .         Rampage  .   (no gloves)
Will     .....                  (boots unavailable)
Stlth    ..........             (no amulet)
HPRegen  0.09/turn              (no ring)
MPRegen  0.09/turn              (no ring)

@: on berserk cooldown, slowed, very slow
A: beak, talons 3
a: Renounce Religion, Berserk, Trog's Hand


You were on level 3 of the Dungeon.
You worshipped Trog.
Trog was pleased with you.
You visited 1 branch of the dungeon, and saw 3 of its levels.

You collected 79 gold pieces.
You spent 49 gold pieces at shops.

Inventory:

Hand Weapons
 a - a +0 hand axe (weapon)
Missiles
 i - 4 atropa-tipped darts
 l - 2 curare-tipped darts (quivered)
Armour
 b - a +0 animal skin
 m - a +0 plate armour (worn)
Scrolls
 e - a scroll of vulnerability {unknown}
 g - 2 scrolls of magic mapping
 k - a scroll of fear {unknown}
 o - a scroll of enchant weapon {unknown}
 p - a scroll of immolation {unknown}
Potions
 c - a potion of mutation {unknown}
 d - 2 potions of brilliance {unknown}
 f - 3 potions of attraction {unknown}
 h - 2 potions of degeneration {unknown}
 j - a potion of haste {unknown}
 n - a potion of lignification {unknown}


   Skills:
 + Level 3.6 Fighting
 + Level 4.5 Axes
 + Level 0.4 Throwing
 + Level 2.5 Armour
 + Level 2.8 Dodging
 + Level 0.1 Stealth


You had 3 spell levels left.
You didn't know any spells.
Your spell library was empty.

Dungeon Overview and Level Annotations

Branches:
Dungeon (3/15)

Altars:
Cheibriados

Shops:
D:2 !   D:3 ?


Innate Abilities, Weirdness & Mutations

You have a beak for a mouth.
You have claws for feet.


Message History

The gnoll barely misses you. The gnoll hits you but does no damage.
You see here a +0 spear.
Unknown command.
You hit the gnoll. You claw the gnoll, but do no damage.
The gnoll is moderately wounded.
The gnoll hits you from afar with a +0 halberd.
The gnoll hits you with a +0 spear.
Unknown command.
You barely miss the gnoll.
The gnoll is moderately wounded.
Unknown command.
You barely miss the gnoll.
The gnoll is moderately wounded.
The gnoll hits you from afar with a +0 halberd.
The gnoll hits you with a +0 spear.
Unknown command.
You are too injured to fight recklessly!
Unknown command.
You are too injured to fight recklessly!
Unknown command.
You are too injured to fight recklessly!
You closely miss the gnoll. You claw the gnoll! Your peck misses the gnoll.
The gnoll is almost dead.
The gnoll barely misses you. The gnoll hits you with a +0 spear.
You slash the gnoll!
You kill the gnoll!
Trog accepts your kill. The gnoll hits you with a +0 halberd!
* * * LOW HITPOINT WARNING * * *
You see here a +0 spear.
You closely miss the gnoll. You peck the gnoll!
The gnoll is almost dead.
The gnoll hits you with a +0 halberd.
* * * LOW HITPOINT WARNING * * *
You are no longer berserk.
You are exhausted.
You feel yourself slow down.
You see here a +0 spear.
The gnoll hits you from afar with a +0 halberd!
You die...

#.# #.#...≈≈≈≈≈
#.#########.###.≈≈≈≈≈
#.........#.# #..≈≈≈.
#########.#.# ##.....
#.#.# ###### #.#.# #.#
#.#.####.#
####.#########.#......#
......gg)@.....########
.###.#########.# ###


You could see 2 gnolls.

Vanquished Creatures
  2 gnolls (D:3)
  An adder (D:2)
  3 worms
  The ghost of nroviw the Skirmisher, a weakling HOFi (D:3)
  3 dart slugs
  4 endoplasms
  A giant cockroach (D:1)
  4 hobgoblins
  4 jackals (D:1)
  A quokka (D:2)
  4 ball pythons
  3 bats
  2 frilled lizards
  3 goblins (D:1)
  8 kobolds
  8 rats
52 creatures vanquished.

Notes
Turn   | Place    | Note
-------+----------+-------------------------------------------
     0 | D:1      | SquidGame the Tengu Berserker began the quest for the Orb.
     0 | D:1      | Reached XP level 1. HP: 14/14 MP: 2/2
   414 | D:1      | Reached XP level 2. HP: 18/19 MP: 3/3
   817 | D:1      | Reached XP level 3. HP: 23/23 MP: 4/4
   996 | D:1      | Reached ** piety under Trog
  1167 | D:2      | Reached skill level 4 in Axes
  1676 | D:2      | Found a faded altar of an unknown god.
  1827 | D:2      | Found Mafur's Distillery.
  1926 | D:2      | Reached XP level 4. HP: 27/28 MP: 5/5
  2402 | D:3      | Found a snail-covered altar of Cheibriados.
  2406 | D:3      | Found a runed translucent door.
  2463 | D:3      | Noticed nroviw's ghost (weakling HOFi)
  2471 | D:3      | Killed nroviw's ghost
  2914 | D:3      | Found Exem's Magic Scroll Shoppe.
  2922 | D:3      | Bought a scroll of magic mapping for 49 gold pieces
  3001 | D:3      | HP: 1/43 [gnoll (6)]
  3003 | D:3      | Mangled by a gnoll

Illustrated notes

Levels and vault maps discovered:
D:1:      dpeg_arrival_tiny_a, layout_basic, chequers_arboretum,
          corexii_corridor_pit, amcnicky_mini_rare_corridor_liquid
D:2:      layout_basic, serial_shops, shop, ebering_ecumenical_altar_mist
D:3:      layout_basic, overflow_temple_1_default,
          ebering_ghost_reflecting_pool, serial_shops, nicolae_lakefront_shop

Skill      XL: |  1  2  3 |
---------------+----------+-----
Axes           | 4 |  4.5
Fighting       | |  3.6
Throwing       | |  0.4
Armour         | |  2.5
Dodging        | |  2.8
Stealth        | |  0.1

Action                   |  1- 3 |  4- 6 || total
-------------------------+-------+-------++-------
Melee: Hand axe          |    65 |    29 ||    94
       Kick              |    18 |    15 ||    33
       Peck              |     7 |     6 ||    13
Throw: Dart              |     4 |     6 ||    10
Invok: Berserk           |     2 |     2 ||     4
       Trog's Hand       |       |     1 ||     1
 Stab: Invisible         |       |     1 ||     1
Armor: Animal skin       |    10 |       ||    10
       Plate armour      |     2 |     7 ||     9
Dodge: Dodged            |    38 |     8 ||    46
